 Dungeon Crawl Stone Soup version 0.29.1-12-g30fa7ad0bf (webtiles) character file.

Game seed: 352448312588060155

813 hawla the Conjurer (level 8, 0/58 HPs)
             Began as a Meteoran Fire Elementalist on Dec 25, 2022.
             Slain by Duvessa
             ... wielding a +0 rapier
              (8 damage)
             ... on level 5 of the Dungeon.
             The game lasted 00:08:06 (1416 turns).

hawla the Conjurer (Meteoran Fire Elementalist)     Turns: 1416, Time: 00:08:07

Health: 0/58       AC:  4    Str:  9    XL:     8   Next: 38%
Magic:  0/17       EV: 13    Int: 20    God:
Gold:   107        SH:  0    Dex: 14    Spells: 11/18 levels left

rFire   . . .      SeeInvis .   (no weapon)
rCold   . . .      Faith    .   (no shield)
rNeg    . . .      Spirit   .   a - +0 robe
rPois   .          Reflect  .   (no helmet)
rElec   .          Harm     .   (no cloak)
rCorr   .          Rampage  .   d - +1 pair of gloves
Will    +....                   (no boots)
Stlth   +.........              (no amulet)
HPRegen 0.19/turn               (no ring)
MPRegen 0.15/turn               (no ring)

@: about to teleport, glowing
A: sense surroundings 1, otherworldly, glowing, explore regen
a: no special abilities


You were on level 5 of the Dungeon.
You visited 1 branch of the dungeon, and saw 6 of its levels.

You collected 107 gold pieces.

Inventory:

Armour
 a - a +0 robe (worn)
 d - a +1 pair of gloves (worn)
Wands
 k - a wand of flame (23)
Scrolls
 c - a scroll of fog
 h - a scroll of poison {unknown}
Potions
 b - a potion of magic
 e - a potion of attraction {unknown}
 f - a potion of flight {unknown}
 i - a potion of mutation {unknown}
 j - a potion of heal wounds {unknown}
 l - a potion of cancellation {unknown}
 m - a potion of brilliance {unknown}
 n - 2 potions of lignification {unknown}
 o - 2 potions of curing {unknown}


   Skills:
 + Level 0.5 Fighting
 + Level 3.5 Dodging
 - Level 1.4 Stealth
 + Level 5.5 Spellcasting
 + Level 6.6 Conjurations
 + Level 6.1 Fire Magic
 + Level 2.0 Evocations


You had 11 spell levels left.
You knew the following spells:

 Your Spells              Type           Power      Damage    Failure   Level
a - Foxfire               Conj/Fire      100%       2x1d9     1%          1
b - Scorch                Fire           58%        2d8       1%          2
c - Flame Wave            Conj/Fire      31%        2d9       8%          4

Your spell library contained the following spells:

 Spells                   Type           Power      Damage    Failure   Level
 Conjure Flame            Conj/Fire      31%        6-21      2%          3
 Inner Flame              Hex/Fire       17%        N/A       10%         3
 Summon Forest            Summ/Tloc      2%         N/A       97%         5
 Eringya's Noxious Bog    Tmut/Pois      2%         N/A       100%        6
 Summon Hydra             Summ           2%         N/A       100%        7


Dungeon Overview and Level Annotations

Branches:
Dungeon (6/15) Zot: 2183
 Temple: D:4-7

Altars:

Shops:
D:5 (

Annotations:
D:5 Duvessa


Innate Abilities, Weirdness & Mutations

You passively map a small area around you.
You are easily found by Zot.
You glow in the dark.
You regain HP and MP as you explore.


Message History

Flames lash Duvessa.
Duvessa is lightly wounded.
Duvessa's fire resistance burns away.
Duvessa goes berserk!
Casting: Scorch (safe; 1% risk of failure)
Confirm with . or Enter, or press ? or * to list all spells.
Flames lash Duvessa.
Duvessa is burned terribly!
Duvessa is heavily wounded.
Duvessa rages.
Duvessa barely misses you.
Casting: Scorch (safe; 1% risk of failure)
Confirm with . or Enter, or press ? or * to list all spells.
Flames lash Duvessa.
Duvessa is burned terribly!
Duvessa is heavily wounded.
Duvessa hits you but does no damage.
Casting: Scorch (safe; 1% risk of failure)
Confirm with . or Enter, or press ? or * to list all spells.
Flames lash Duvessa but do no damage.
Duvessa hits you but does no damage. Duvessa hits you with a +0 rapier.
Casting: Scorch (safe; 1% risk of failure)
Confirm with . or Enter, or press ? or * to list all spells.
Casting: Flame Wave (dangerous; 8% risk of failure)
Press: ? - help, Dir - look around, f - activate A wave of flame ripples out!
The flame wave engulfs Duvessa but does no damage.
Duvessa is heavily wounded. (Press . to intensify the flame waves.) Duvessa hits you with a +0 rapier!
A wave of flame ripples out!
The flame wave engulfs Duvessa.
Duvessa is burned terribly!
Duvessa is heavily wounded.
Duvessa hits you with a +0 rapier!! Duvessa closely misses you.
A wave of flame ripples out!
The flame wave engulfs Duvessa!
Duvessa is burned terribly!
Duvessa is severely wounded.
You finish channelling waves of flame.
Duvessa hits you with a +0 rapier!
* * * LOW HITPOINT WARNING * * *
Unknown command.
As you read the scroll of teleportation, it crumbles to dust.
You feel strangely unstable. Duvessa hits you with a +0 rapier!
You die...

#####............##.#
.....###########.##.#
......†#.......#.##.#
...............#.##.#
########.#######.##.#
...........#..,#.# .#
########.#.#.# #.#
.....# #.#.#.# #.#
.#....,..#.#.# #@# ,
...#.#####.#.#.#e##,
* * ...#.#
##......... , ..##.#
##..#.#).### *
...#.###...#...., , *
* ##.#.#...#.#.....
,, ##.....###.#######
####..##*#.# , , #
#>##, ..., * *


You could see Duvessa (berserk, fast, combustible).

Vanquished Creatures
  An ice beast (D:5)
  3 phantoms
  2 necrophages
  Dowan (D:5)
  2 hounds (D:5)
  2 orc priests
  2 iguanas (D:4)
  2 orc wizards (D:5)
  3 adders
  3 ufetubi (D:5)
  3 dart slugs
  9 orcs
  A ball python (D:4)
  A bat (D:1)
  2 giant cockroaches (D:4)
  4 goblins (D:4)
  2 hobgoblins
  4 jackals (D:4)
  5 kobolds
  3 quokkas
  A frilled lizard (D:3)
56 creatures vanquished.

Vanquished Creatures (others)
  65 foxfires
65 creatures vanquished.

Grand Total: 121 creatures vanquished

Notes
Turn   | Place    | Note
-------+----------+-------------------------------------------
     0 | D:1      | hawla the Meteoran Fire Elementalist began the quest for
                  | the Orb.
     0 | D:1      | Reached XP level 1. HP: 14/14 MP: 5/5
    48 | D:1      | Reached XP level 2. HP: 14/20 MP: 1/6
   116 | D:1      | Learned a level 2 spell: Scorch
   210 | D:4      | Reached XP level 3. HP: 26/26 MP: 5/8
   273 | D:4      | Noticed a necrophage
   281 | D:4      | Killed a necrophage
   282 | D:4      | Reached skill level 5 in Fire Magic
   282 | D:4      | Reached XP level 4. HP: 33/33 MP: 1/11
   282 | D:4      | Reached XP level 5. HP: 38/38 MP: 1/12
   295 | D:4      | Learned a level 4 spell: Flame Wave
   488 | D:4      | Reached XP level 6. HP: 36/45 MP: 4/13
   865 | D:5      | Entered Level 5 of the Dungeon
   865 | D:5      | Found Sihas's Weapon Shoppe.
   872 | D:5      | Noticed an ice beast
   879 | D:5      | Killed an ice beast
   880 | D:5      | Reached skill level 5 in Conjurations
   922 | D:5      | Reached XP level 7. HP: 50/50 MP: 6/14
  1014 | D:6      | Reached XP level 8. HP: 42/57 MP: 2/16
  1059 | D:5      | Reached skill level 5 in Spellcasting
  1406 | D:5      | Noticed Dowan
  1408 | D:5      | Killed Dowan
  1408 | D:5      | Noticed Duvessa
  1416 | D:5      | Slain by Duvessa

Illustrated notes

Levels and vault maps discovered:
D:1:      dpeg_arrival_houses_and_road, layout_loops_ring
D:2:      layout_loops_ring, chequers_ecumenical_altar_simple_redux
D:3:      cheibrodos_fertilizer, layout_basic, uniq_natasha
D:4:      layout_basic, minmay_misc_feat_enclosed
D:5:      layout_basic, serial_shops, nicolae_shop_bloodbath_and_beyond,
          uniq_duvessa
D:6:      minmay_thinvault, layout_loops_ring, eino_tiny_chamber, centaur_isle,
          uniq_maggie

Skill      XL: |  1  2  3  4  5  6  7  8 |
---------------+-------------------------+-----
Spellcasting   | 3 4 5 |  5.5
Fire Magic     | 4 5 6 |  6.1
Dodging        | 3 |  3.5
Conjurations   | 3 6 |  6.6
Evocations     | 2 |  2.0
Fighting       | |  0.5
Stealth        | |  1.4

Action                   |  1- 3 |  4- 6 |  7- 9 || total
-------------------------+-------+-------+-------++-------
Melee: Unarmed           |     7 |     2 |     1 ||    10
 Cast: Foxfire           |    20 |    11 |     9 ||    40
       Scorch            |     8 |    19 |    16 ||    43
       Flame Wave        |       |     1 |     6 ||     7
  Use: Scroll            |       |     3 |     2 ||     5
Armor: Robe              |     2 |       |     9 ||    11
Dodge: Dodged            |    12 |     9 |    34 ||    55
